 Dungeon Crawl Stone Soup version 0.22-a0-410-g97be04f (webtiles) character file.

114 galech the Fighter (level 4, -4/45 HPs)
             Began as a Gnoll Wanderer on May 11, 2018.
             Slain by Crazy Yiuf
             ... wielding a +4 quarterstaff of chaos
              (18 damage)
             ... on level 2 of the Dungeon.
             The game lasted 00:03:14 (1980 turns).

galech the Fighter (Gnoll Wanderer)                 Turns: 1980, Time: 00:03:14

Health: -4/45      AC:  6    Str: 14    XL:     4   Next: 98%
Magic:  6/6        EV: 11    Int: 14    God:
Gold:   41         SH:  0    Dex: 16    Spells: 5/5 levels left

rFire    . . .     SeeInvis .   a - +2 short sword
rCold    . . .     Gourm    .   (no shield)
rNeg     . . .     Faith    .   j - +0 ring mail (curse)
rPois    .         Spirit   .   (no helmet)
rElec    .         Reflect  .   (no cloak)
rCorr    .         Harm     .   (no gloves)
MR       .....                  g - +0 pair of boots
Stlth    ++........             e - amulet of magic regeneration
HPRegen  0.15/turn              (no ring)
MPRegen  0.35/turn              (no ring)

@: no status effects
A: distributed training, fangs 1, strong nose
a: no special abilities


You were on level 2 of the Dungeon.
You were not hungry.

You visited 1 branch of the dungeon, and saw 3 of its levels.

You collected 41 gold pieces.

Inventory:

Hand Weapons
 a - a +2 short sword (weapon)
Armour
 g - a +0 pair of boots (worn)
 j - a cursed +0 ring mail (worn)
 n - a +0 scale mail
 p - a cursed -2 robe
Jewellery
 e - an amulet of magic regeneration (around neck)
Scrolls
 f - a scroll of immolation
 h - 2 scrolls of teleportation
 k - a scroll of magic mapping
 l - a scroll of noise
 m - a scroll of enchant weapon
Potions
 b - a potion of curing
 c - a potion of magic {unknown}
 i - a potion of flight {unknown}
Comestibles
 d - 4 rations
 o - 7 chunks of flesh


   Skills:
 + Level 8.6 Fighting
 + Level 2.8 Short Blades
 + Level 1.2 Long Blades
 + Level 1.2 Axes
 + Level 1.2 Maces & Flails
 + Level 1.2 Polearms
 + Level 1.2 Staves
 + Level 1.2 Slings
 + Level 2.8 Bows
 + Level 1.2 Crossbows
 + Level 1.2 Throwing
 + Level 2.8 Armour
 + Level 1.2 Dodging
 + Level 2.6 Stealth
 + Level 2.8 Shields
 + Level 1.2 Unarmed Combat
 + Level 1.2 Spellcasting
 + Level 1.0 Conjurations
 + Level 1.0 Hexes
 + Level 1.0 Charms
 + Level 1.0 Summonings
 + Level 1.0 Necromancy
 + Level 1.0 Translocations
 + Level 1.0 Transmutations
 + Level 1.0 Fire Magic
 + Level 1.0 Ice Magic
 + Level 1.0 Air Magic
 + Level 1.0 Earth Magic
 + Level 1.0 Poison Magic
 + Level 1.4 Invocations
 + Level 2.8 Evocations


You had 5 spell levels left.
You didn't know any spells.

Dungeon Overview and Level Annotations

Branches:
Dungeon (3/15)

Altars:
Hepliaklqana
Nemelex Xobeh
Ru
Sif Muna
Xom

Annotations:
D:2 Crazy Yiuf


Innate Abilities, Weirdness & Mutations

Your experience applies equally to all skills.
You have very sharp teeth.
Your uncanny sense of smell can sniff out nearby items.


Message History

Crazy Yiuf is heavily wounded.
Crazy Yiuf hits you with a quarterstaff of chaos.
* * * LOW HITPOINT WARNING * * *
You are poisoned.
You hit Crazy Yiuf but do no damage.
Crazy Yiuf is heavily wounded.
You feel sick. Crazy Yiuf closely misses you.
Your ring mail prevents you from hitting Crazy Yiuf.
Crazy Yiuf is heavily wounded.
You feel sick. Crazy Yiuf misses you.
You hit Crazy Yiuf.
Crazy Yiuf is severely wounded.
Crazy Yiuf hits you with a quarterstaff of chaos.
* * * LOW HITPOINT WARNING * * *
Crazy Yiuf freezes you.
* * * LOW HITPOINT WARNING * * *
You feel better.
Crazy Yiuf hits you with a quarterstaff of chaos.
You are electrocuted!
You die...

#.# ##P..# #.#
##.## #.# ##.#
#######.# #.##
##...#...# ##.#
##........#
#.##
#.........#
##'## ###
#.........#
#...# ##.#
#.........#
#.@.# ### #..#
##........#
#)g.#
#.###.####
##).)....#
#####
#......<.#
###.##.##
##.......#
####.##<#######
#.......###
#.......#..##.#
##.........
#.##.####..##.#
##......###
##.##.# #.....#
##.........#
#..##.# #...###
#...######..


You could see Crazy Yiuf.

Vanquished Creatures
  An orc wizard (D:3)
  2 adders (D:2)
  A worm (D:2)
  6 leopard geckos
  3 orcs (D:3)
  8 bats
  6 giant cockroaches (D:1)
  5 goblins
  5 hobgoblins
  3 jackals (D:2)
  2 quokkas
  3 frilled lizards
  8 kobolds
  4 rats
57 creatures vanquished.

Notes
Turn   | Place    | Note
-------+----------+-------------------------------------------
     0 | D:1      | galech the Gnoll Wanderer began the quest for the Orb.
     0 | D:1      | galech set off with: a +2 short sword, 2 potions of curing, a +0 robe, a ration
     0 | D:1      | Reached XP level 1. HP: 26/26 MP: 2/2
    96 | D:1      | Reached XP level 2. HP: 33/33 MP: 3/3
   327 | D:1      | Reached XP level 3. HP: 28/38 MP: 4/4
   764 | D:1      | Found a shimmering altar of Xom.
   766 | D:1      | Found a sparkling altar of Nemelex Xobeh.
   766 | D:1      | Found a shimmering altar of Xom.
   768 | D:1      | Found a deep blue altar of Sif Muna.
   768 | D:1      | Found a hazy altar of Hepliaklqana.
   768 | D:1      | Found a sacrificial altar of Ru.
   922 | D:2      | Reached skill level 1 in Invocations
  1116 | D:2      | Reached skill level 1 in Long Blades
  1116 | D:2      | Reached skill level 1 in Axes
  1116 | D:2      | Reached skill level 1 in Maces & Flails
  1116 | D:2      | Reached skill level 1 in Polearms
  1116 | D:2      | Reached skill level 1 in Staves
  1116 | D:2      | Reached skill level 1 in Slings
  1116 | D:2      | Reached skill level 1 in Crossbows
  1116 | D:2      | Reached skill level 1 in Throwing
  1116 | D:2      | Reached skill level 1 in Dodging
  1116 | D:2      | Reached skill level 1 in Unarmed Combat
  1116 | D:2      | Reached skill level 1 in Spellcasting
  1175 | D:2      | Reached XP level 4. HP: 45/45 MP: 6/6
  1225 | D:2      | Found a runed door.
  1822 | D:3      | Reached skill level 1 in Conjurations
  1822 | D:3      | Reached skill level 1 in Hexes
  1822 | D:3      | Reached skill level 1 in Charms
  1822 | D:3      | Reached skill level 1 in Summonings
  1822 | D:3      | Reached skill level 1 in Necromancy
  1822 | D:3      | Reached skill level 1 in Translocations
  1822 | D:3      | Reached skill level 1 in Transmutations
  1822 | D:3      | Reached skill level 1 in Fire Magic
  1822 | D:3      | Reached skill level 1 in Ice Magic
  1822 | D:3      | Reached skill level 1 in Air Magic
  1822 | D:3      | Reached skill level 1 in Earth Magic
  1822 | D:3      | Reached skill level 1 in Poison Magic
  1850 | D:3      | Noticed an ogre
  1968 | D:2      | Noticed Crazy Yiuf
  1980 | D:2      | Slain by Crazy Yiuf

Vault maps used:
D:1:      onia_arrival_larder, serial_bayou_pond_a, doesnt_xom_only_xom
D:2:      uniq_crazy_yiuf_cottage
D:3:      cheibriados_altar_1, first_ration

Skill      XL: |  1  2  3  4 |
---------------+-------------+-----
Invocations    | 1 |  1.4
Long Blades    | 1 |  1.2
Axes           | 1 |  1.2
Maces & Flails | 1 |  1.2
Polearms       | 1 |  1.2
Staves         | 1 |  1.2
Slings         | 1 |  1.2
Crossbows      | 1 |  1.2
Throwing       | 1 |  1.2
Dodging        | 1 |  1.2
Unarmed Combat | 1 |  1.2
Spellcasting   | 1 |  1.2
Conjurations   | 1 |  1.0
Hexes          | 1 |  1.0
Charms         | 1 |  1.0
Summonings     | 1 |  1.0
Necromancy     | 1 |  1.0
Translocations | 1 |  1.0
Transmutations | 1 |  1.0
Fire Magic     | 1 |  1.0
Ice Magic      | 1 |  1.0
Air Magic      | 1 |  1.0
Earth Magic    | 1 |  1.0
Poison Magic   | 1 |  1.0
Fighting       | |  8.6
Short Blades   | |  2.8
Bows           | |  2.8
Armour         | |  2.8
Stealth        | |  2.6
Shields        | |  2.8
Evocations     | |  2.8

Action                   |  1- 3 |  4- 6 || total
-------------------------+-------+-------++-------
Melee: Short sword       |   147 |    61 ||   208
       Bite              |    13 |     9 ||    22
  Use: Scroll            |       |     6 ||     6
       Potion            |       |     1 ||     1
 Stab: Sleeping          |     4 |       ||     4
  Eat: Chunk             |     1 |     3 ||     4
Armor: Robe              |    15 |       ||    15
       Ring mail         |    49 |    27 ||    76
Dodge: Dodged            |   110 |    28 ||   138

Table legend:
 A = Spawn XP
 B = Non-spawn XP
 C = Spawn XP percentage of total XP
 D = Spawn monster count
 E = Non-spawn monster count
 F = Spawn count percentage of total count
 G = Total turns spent on level
                    A         B        C        D         E        F      G
               +---------+---------+-------+---------+---------+-------+---------
         Total |       0 |     164 |   0.0 |       0 |      57 |   0.0 |  1980
               +---------+---------+-------+---------+---------+-------+---------
           D:1 |       0 |      52 |   0.0 |       0 |      30 |   0.0 |   904
           D:2 |       0 |      66 |   0.0 |       0 |      22 |   0.0 |  1014
           D:3 |       0 |      46 |   0.0 |       0 |       5 |   0.0 |    62
               +---------+---------+-------+---------+---------+-------+---------
